 Dungeon Crawl Stone Soup version 0.28.0-43-g3370ac3207 (webtiles) character file.

Game seed: 16776081111602818962

317 Aksej the Skirmisher (level 6, -2/50 HPs)
             Began as a Demonspawn Monk on Feb 28, 2022.
             Slain by a phantom (8 damage)
             ... on level 4 of the Dungeon.
             The game lasted 00:07:17 (2915 turns).

Aksej the Skirmisher (Demonspawn Monk)              Turns: 2915, Time: 00:07:17

Health: -2/50      AC:  7    Str: 11    XL:     6   Next: 20%
Magic:  6/6        EV: 14    Int: 11    God:
Gold:   157        SH:  0    Dex: 18    Spells: 5/5 levels left

rFire   + . .      SeeInvis .   a - +1 flail (vorpal)
rCold   . . .      Faith    .   (no shield)
rNeg    . . .      Spirit   .   b - +0 robe
rPois   .          Reflect  .   (no helmet)
rElec   .          Harm     .   f - +0 cloak
rCorr   +          Rampage  .   (no gloves)
Will    .....                   c - +1 pair of boots
Stlth   ++........              (no amulet)
HPRegen 0.16/turn               h - ring of resist corrosion
MPRegen 0.10/turn               g - ring of protection from fire

@: no status effects
A: hooves 1, slimy green scales 1
a: no special abilities


You were on level 4 of the Dungeon.
You visited 1 branch of the dungeon, and saw 4 of its levels.

You collected 157 gold pieces.

Inventory:

Hand Weapons
 a - a +1 vorpal flail (weapon)
Missiles
 e - 2 silver boomerangs
 n - 3 boomerangs (quivered)
Armour
 b - a +0 robe (worn)
 c - a +1 pair of boots (worn)
 f - a +0 cloak (worn)
Jewellery
 g - a ring of protection from fire (right hand)
 h - a ring of resist corrosion (left hand)
Scrolls
 d - a scroll of summoning
 i - 2 scrolls of amnesia {unknown}
 j - a scroll of acquirement {unknown}
 l - a scroll of magic mapping {unknown}
 o - a scroll of fear {unknown}
 p - a scroll of holy word {unknown}
 s - a scroll of teleportation
Potions
 q - a potion of brilliance
 r - a potion of lignification
 t - a potion of berserk rage


   Skills:
 * Level 4.8 Fighting
 + Level 4.0 Maces & Flails
 + Level 3.8 Dodging
 + Level 2.8 Stealth


You had 5 spell levels left.
You didn't know any spells.
Your spell library contained the following spells:

 Spells                   Type           Power      Damage    Failure   Level
 Call Canine Familiar     Summ           0%         N/A       71%         3
 Ignite Poison            Fire/Tmut/Pois 0%         N/A       71%         3
 Mephitic Cloud           Conj/Pois/Air  0%         N/A       71%         3
 Portal Projectile        Hex/Tloc       0%         N/A       71%         3
 Leda's Liquefaction      Hex/Erth       0%         N/A       98%         4
 Freezing Cloud           Conj/Ice/Air   0%         6-21      100%        5


Dungeon Overview and Level Annotations

Branches:
Dungeon (4/15)
 Temple: D:4-7

Altars:
Okawaru


Innate Abilities, Weirdness & Mutations

You have large cloven feet.
You are partially covered in slimy green scales. (AC +2)


Message History

You feel better. The phantom closely misses you.
You feel better. The phantom barely misses you.
You closely miss the phantom.
The phantom is moderately damaged.
The phantom hits you!
* * * LOW HITPOINT WARNING * * *
The phantom blinks!
You blink.
There are no items here.
You sock the phantom!
The phantom is heavily damaged.
The phantom barely misses you.
You hit the phantom but do no damage.
The phantom is heavily damaged.
The phantom closely misses you.
You barely miss the phantom.
The phantom is heavily damaged.
The phantom hits you.
* * * LOW HITPOINT WARNING * * *
The phantom blinks!
You blink.
You closely miss the phantom.
The phantom is heavily damaged.
The phantom barely misses you. The quokka bites you.
* * * LOW HITPOINT WARNING * * *
The phantom hits you but does no damage.
You closely miss the phantom.
The phantom is heavily damaged.
The quokka bites you but does no damage.
The phantom hits you.
* * * LOW HITPOINT WARNING * * *
You barely miss the phantom.
The phantom is heavily damaged.
The quokka bites you.
* * * LOW HITPOINT WARNING * * *
The phantom hits you.
* * * LOW HITPOINT WARNING * * *
The phantom blinks!
You blink.
Found 18 stones and 10 gold pieces.
You hit the phantom but do no damage.
The phantom is heavily damaged.
The phantom hits you!
You die...

...........#....#
................+
#.).............#
................#######
..........#....#......
....................#
.......#............#
.......#....##......#
#.....##.##r##..@...#
......+.....##...W.##
......##.#..##.....#
.#######.#.........+
<......#+#.###.(...#
..##.... .. #...### ..#
.. .. #.... ..# #$...
..#


You could see a phantom.

Vanquished Creatures
  An ogre (D:4)
  A scorpion (D:3)
  A centaur skeleton (D:4)
  2 adders (D:2)
  4 gnolls
  2 ufetubi
  An adder skeleton (D:4)
  A worm (D:2)
  2 dart slugs
  3 orcs (D:3)
  4 ball pythons
  5 bats
  4 endoplasms
  4 giant cockroaches (D:2)
  5 goblins
  7 hobgoblins
  4 jackals
  7 kobolds
  3 quokkas
  7 frilled lizards
  9 rats
77 creatures vanquished.

Notes
Turn   | Place    | Note
-------+----------+-------------------------------------------
     0 | D:1      | Aksej the Demonspawn Monk began the quest for the Orb.
     0 | D:1      | Reached XP level 1. HP: 18/18 MP: 1/1
   296 | D:1      | Gained mutation: You are partially covered in slimy green
                  | scales. (AC +2) [demonic ancestry]
   296 | D:1      | Reached XP level 2. HP: 24/24 MP: 2/2
   998 | D:2      | Reached XP level 3. HP: 15/29 MP: 3/3
  1213 | D:2      | Found a faded altar of an unknown god.
  1499 | D:2      | Gained mutation: You have large cloven feet. [demonic
                  | ancestry]
  1499 | D:2      | Reached XP level 4. HP: 32/36 MP: 4/4
  1702 | D:2      | You fall into a shaft and drop 2 floors!
  2036 | D:3      | Found an iron altar of Okawaru.
  2171 | D:3      | Noticed a scorpion
  2180 | D:3      | Killed a scorpion
  2181 | D:3      | Reached XP level 5. HP: 34/42 MP: 5/5
  2884 | D:4      | Noticed an ogre
  2885 | D:4      | Noticed a phantom
  2901 | D:4      | Killed an ogre
  2902 | D:4      | Reached XP level 6. HP: 10/50 MP: 6/6
  2915 | D:4      | Slain by a phantom

Illustrated notes

Levels and vault maps discovered:
D:1:      saegor_arrival_simple_c, layout_loops_ring, minivault_19
D:2:      layout_rooms, dreamdust_ecumenical_altar_statues,
          minmay_quadrilaterals
D:3:      layout_basic, amcnicky_altar_gilded
D:4:      layout_basic, corexii_checkpoint_a, minmay_shop_enchanted_jewellery

Skill      XL: |  1  2  3  4  5 |
---------------+----------------+-----
Dodging        | 3 |  3.8
Maces & Flails | 3 4 |  4.0
Stealth        | 2 |  2.8
Fighting       | 4 |  4.8

Action                   |  1- 3 |  4- 6 || total
-------------------------+-------+-------++-------
Melee: Mace              |   116 |    86 ||   202
       Punch             |     5 |     1 ||     6
       Flail             |       |    40 ||    40
Throw: Boomerang         |       |     4 ||     4
  Use: Scroll            |     3 |     6 ||     9
       Potion            |     2 |     4 ||     6
 Stab: Sleeping          |     6 |     6 ||    12
Armor: Robe              |    36 |    84 ||   120
Dodge: Dodged            |    94 |   149 ||   243
